 Dungeon Crawl Stone Soup version 0.30-a0-304-gdc4b735fe1 (webtiles) character file.

Game seed: 6259892966094659305

42 MrRokkomies the Sneak (level 3, -1/33 HPs)
             Began as an Armataur Delver on Oct 20, 2022.
             Was a Follower of Wu Jian.
             Slain by Robin
             ... wielding a +7 whip of venom
              (8 damage)
             ... on level 2 of the Dungeon.
             The game lasted 00:03:35 (797 turns).

MrRokkomies the Sneak (Armataur Delver)              Turns: 797, Time: 00:03:36

Health: -1/33      AC:  4    Str: 17    XL:     3   Next: 33%
Magic:  3/3        EV:  9    Int: 10    God:    Wu Jian [*.....]
Gold:   61         SH:  0    Dex: 13    Spells: 2/2 levels left

rFire   . . .      SeeInvis .    i - +0 short sword (venom)
rCold   . . .      Faith    .    (no shield)
rNeg    . . .      Spirit   .    b - +0 leather armour
rPois   .          Reflect  .    (no helmet)
rElec   .          Harm     .    (no cloak)
rCorr   .          Roll     +    (no gloves)
Will    .....                    (no barding)
Stlth   +++.......               h - amulet of the acrobat
HPRegen 0.25/turn                (no ring)
MPRegen 0.08/turn                (no ring)

@: lethally poisoned (-1 -> -13)
A: large, rugged brown scales 3, deformed body, armoured tail, roll, long
tongue, awkward tongue
a: Renounce Religion


You were on level 2 of the Dungeon.
You worshipped Wu Jian.
Wu Jian was aware of your devotion.
You visited 1 branch of the dungeon, and saw 4 of its levels.

You collected 61 gold pieces.

Inventory:

Hand Weapons
 a - a +0 short sword
 i - a +0 short sword of venom (weapon)
Armour
 b - a +0 leather armour (worn)
Jewellery
 e - a ring of see invisible
 h - an amulet of the acrobat (around neck)
Wands
 g - a wand of digging (3)
Scrolls
 c - a scroll of fog
 d - a scroll of magic mapping
 f - a scroll of silence {unknown}
 j - a scroll of teleportation {unknown}
 k - 2 scrolls of enchant armour {unknown}
 l - a scroll of blinking {unknown}
Potions
 m - a potion of invisibility {unknown}
 n - a potion of heal wounds {unknown}
 o - a potion of curing {unknown}


   Skills:
 * Level 3.2 Fighting
 * Level 2.4 Short Blades
 + Level 1.6 Dodging
 + Level 5.7 Stealth


You had 2 spell levels left.
You didn't know any spells.
Your spell library was empty.

Dungeon Overview and Level Annotations

Branches:
Dungeon (5/15)
 Temple: D:4-7

Altars:
Wu Jian

Annotations:
D:2 1 runed translucent door, Crazy Yiuf, Robin


Innate Abilities, Weirdness & Mutations

You are completely covered in rugged brown scales. (AC +3, +7% HP)
Armour fits poorly on your strangely shaped body.
You have a long armoured tail.
You roll when moving toward enemies. (Rampage)
Your long tongue fully drains potion bottles. (2x potion effects)
Your tongue gives you trouble enunciating. (1.5x scroll delay)


Message History

You miss the goblin. The hobgoblin hits you.
The goblin hits you but does no damage.
You hit the goblin.
The goblin is poisoned.
The goblin is heavily wounded.
Robin roars a battlecry!
The goblin goes into a battle-frenzy!
The hobgoblin closely misses you. The goblin hits you but does no damage.
You hit the goblin.
You kill the goblin!
The Council accepts your kill. The hobgoblin hits you.
You closely miss the hobgoblin.
Your tail-slap misses the hobgoblin.
The hobgoblin hits you.
You completely miss the hobgoblin.
The hobgoblin no longer looks unusually strong.
The hobgoblin hits you.
You hit the hobgoblin.
The hobgoblin is poisoned.
Your tail-slap misses the hobgoblin.
The hobgoblin is heavily wounded.
The hobgoblin hits you.
You barely miss the hobgoblin.
The hobgoblin is heavily wounded.
You barely miss the hobgoblin.
The hobgoblin is almost dead.
The hobgoblin hits you.
You hit the hobgoblin.
You kill the hobgoblin!
The Council accepts your kill.
You hit Robin but do no damage. Robin barely misses you.
You closely miss Robin. Robin hits you but does no damage.
You hit Robin.
Robin is poisoned.
Robin is lightly wounded.
Robin hits you with a +7 whip of venom.
You are lethally poisoned!
You barely miss Robin.
Robin is lightly wounded.
* * * LOW HITPOINT WARNING * * *
You feel very sick. Robin hits you with a +7 whip of venom!
You die...

#.# # #.# #.# #.#
#.# #.# #†# ..#
#g# #.# #@# #.#
#)# #.# #># #.#
#.# #.# #.#
#####.#
#.#####...#.######
#)......#.........
#######...#......#
##########.#


You could see Robin (very poisoned).

Vanquished Creatures
  An adder (D:3)
  2 worms (D:2)
  A dart slug (D:4)
  An orc (D:3)
  A bat (D:2)
  4 endoplasms
  4 goblins (D:2)
  3 hobgoblins (D:2)
  3 kobolds (D:2)
  2 rats
22 creatures vanquished.

Notes
Turn   | Place    | Note
-------+----------+-------------------------------------------
     0 | D:5      | MrRokkomies the Armataur Delver began the quest for the
                  | Orb.
     0 | D:5      | Reached XP level 1. HP: 19/19 MP: 1/1
     5 | D:5      | Noticed an iguana
    57 | D:4      | Noticed a scorpion
   102 | D:4      | Noticed a sky beast
   183 | D:4      | Noticed a scorpion
   208 | D:3      | Reached XP level 2. HP: 25/27 MP: 2/2
   252 | D:2      | Found a faded altar of an unknown god.
   259 | D:2      | Prayed at the altar of an unknown god.
   259 | D:2      | Became a worshipper of the Wu Jian Council
   259 | D:2      | Reached * piety under Wu Jian
   435 | D:2      | Reached XP level 3. HP: 33/33 MP: 3/3
   503 | D:2      | Found a runed translucent door.
   504 | D:2      | Noticed Crazy Yiuf
   768 | D:2      | Noticed Robin
   797 | D:2      | Slain by Robin

Illustrated notes

Levels and vault maps discovered:
D:2:      layout_loops_ring, hellmonk_ecumenical_altar_pennies_from_heaven,
          uniq_robin, uniq_crazy_yiuf_cottage
D:3:      layout_rooms, chequers_arboretum, item_on_display_a
D:4:      layout_gridville, mainiacjoe_overflow_big_doors
D:5:      layout_basic, nicolae_overflow_crystal_walls

Skill      XL: |  1 |
---------------+----+-----
Short Blades   | 2 |  2.4
Fighting       | 3 |  3.2
Dodging        | |  1.6
Stealth        | |  5.7

Action                   || total
-------------------------++-------
Melee: Short sword       ||    70
       Tailslap          ||     8
  Use: Scroll            ||     2
       Potion            ||     1
 Stab: Sleeping          ||     5
Armor: Leather armour    ||    17
Dodge: Dodged            ||    32

Table legend: (Time is in decaauts)
 A = Elapsed time spent in this place.
 B = Non-inter-level travel time spent in this place.
 C = Inter-level travel time spent in this place.
 D = Time resting spent in this place.
 E = Time spent auto-exploring this place.
 F = Levels seen in this place.
 G = Mean time per level.
                   A        B        C        D        E       F      G
               +--------+--------+--------+--------+--------+-----+--------+
         Total |    773 |    773 |      0 |     31 |    459 |   4 |  193.2 |
       Dungeon |    773 |    773 |      0 |     31 |    459 |   4 |  193.2 |
               +--------+--------+--------+--------+--------+-----+--------+

Top non-repeatable levels by time:
     D:2: 541 daAuts
     D:4: 164 daAuts
     D:5: 36 daAuts
     D:3: 32 daAuts
